[ AOE2 MATCH · #507192545 ]
UnrankedMaya vs Lithuanians
Player's team · LOSS
[ REPLAY ANALYSIS · EXTRACTED FROM THE RECORDED GAME ]
Feudal
12:37
Castle
—
Imperial
—
| APM avg | 52.9 |
| APM peak | 72 |
| eAPM avg | 23.8 |
| Villagers / military | 44 / 21 |
Focus
⚔️ 35.1% · 🌾 64.9%
Archer ×21
Feudal
11:48
Castle
—
Imperial
—
| APM avg | 46.4 |
| APM peak | 89 |
| eAPM avg | 28.4 |
| Villagers / military | 105 / 6 |
Focus
⚔️ 52.1% · 🌾 47.9%
Skirmisher ×6
Match map
Initial resources + every placement click. Lines = walls · curves = elevation contours. ◆ gold · ⬟ stone · ● berries · ✦ relic · ◌ wall gap
Your base· Open — unwalled flank
[CL] KleciusPrimeAOE's base· Open — unwalled flank
Smoothed initial terrain · ◌ = detected wall gap · hover for details
Inputs per minute
— Edux_ - - [CL] KleciusPrimeAOE
Build order — Edux_
111 actions detected in the replay
| 0:00 | Research | Loom |
| 0:02 | Build | House |
| 0:02 | Build | House |
| 0:08 | Queue | Villager (Male) |
| 0:18 | Queue | Villager (Male) |
| 0:24 | Queue | Villager (Male) |
| 1:26 | Queue | Villager (Male) |
| 2:01 | Queue | Villager (Male) |
| 2:21 | Build | Lumber Camp |
| 2:21 | Queue | Villager (Male) |
| 3:11 | Queue | Villager (Male) |
| 3:29 | Queue | Villager (Male) |
| 3:42 | Build | House |
| 3:49 | Queue | Villager (Male) |
| 4:25 | Queue | Villager (Male) |
| 4:26 | Queue | Villager (Male) |
| 4:26 | Queue | Villager (Male) |
| 4:40 | Queue | Villager (Male) |
| 5:09 | Queue | Villager (Male) |
| 5:35 | Queue | Villager (Male) |
| 5:37 | Queue | Villager (Male) |
| 5:40 | Build | Mill |
| 5:45 | Queue | Villager (Male) |
| 6:25 | Build | House |
| 6:46 | Queue | Villager (Male) |
| 6:49 | Build | Farm |
| 7:05 | Queue | Villager (Male) |
| 7:05 | Queue | Villager (Male) |
| 7:23 | Build | Farm |
| 7:37 | Build | House |
| 7:50 | Build | Farm |
| 8:12 | Build | Farm |
| 8:12 | Queue | Villager (Male) |
| 8:18 | Build | Farm |
| 8:48 | Build | House |
| 10:27 | Research | Feudal Age |
| 10:27 | Research | Feudal Age |
| 10:30 | Build | Farm |
| 10:31 | Build | Farm |
| 10:52 | Build | Barracks |
| 11:19 | Build | Mining Camp |
| 11:31 | Build | House |
| 11:41 | Build | Palisade Wall |
| 11:53 | Build | House |
| 12:01 | Build | Palisade Wall |
| 12:17 | Build | House |
| 12:20 | Build | Mining Camp |
| 12:29 | Build | Palisade Wall |
| 12:37 | Age | Feudal Age |
| 12:42 | Build | Archery Range |
| 12:49 | Build | House |
| 12:52 | Queue | Villager (Male) |
| 12:54 | Queue | Villager (Male) |
| 13:31 | Queue | Villager (Male) |
| 13:35 | Build | House |
| 13:43 | Queue | Archer |
| 13:44 | Queue | Archer |
| 13:44 | Queue | Archer |
| 13:59 | Build | Watch Tower |
| 14:02 | Build | House |
| 14:09 | Queue | Villager (Male) |
| 14:13 | Queue | Archer |
| 14:13 | Queue | Archer |
| 14:13 | Queue | Archer |
| 14:27 | Queue | Villager (Male) |
| 15:16 | Queue | Villager (Male) |
| 15:50 | Queue | Villager (Male) |
| 16:13 | Queue | Villager (Male) |
| 16:14 | Queue | Villager (Male) |
| 16:14 | Queue | Villager (Male) |
| 16:48 | Queue | Archer |
| 16:49 | Queue | Archer |
| 17:07 | Queue | Villager (Male) |
| 17:16 | Queue | Archer |
| 17:16 | Queue | Archer |
| 17:16 | Queue | Archer |
| 17:41 | Build | House |
| 18:00 | Build | Farm |
| 18:27 | Queue | Archer |
| 18:27 | Queue | Archer |
| 18:27 | Queue | Archer |
| 18:36 | Build | House |
| 18:37 | Build | House |
| 18:58 | Queue | Archer |
| 18:59 | Queue | Archer |
| 19:22 | Queue | Villager (Male) |
| 19:37 | Build | Mining Camp |
| 20:47 | Queue | Archer |
| 20:47 | Queue | Archer |
| 21:37 | Queue | Villager (Male) |
| 21:44 | Build | House |
| 22:04 | Build | Watch Tower |
| 22:08 | Build | Farm |
| 22:19 | Build | House |
| 22:32 | Queue | Archer |
| 22:32 | Queue | Archer |
| 23:02 | Queue | Archer |
| 23:44 | Queue | Villager (Male) |
| 24:09 | Build | House |
| 24:44 | Queue | Villager (Male) |
| 25:43 | Queue | Villager (Male) |
| 25:43 | Queue | Villager (Male) |
| 26:49 | Build | Market |
| 27:20 | Queue | Villager (Male) |
| 27:20 | Queue | Villager (Male) |
| 28:02 | Build | Watch Tower |
| 28:04 | Queue | Villager (Male) |
| 28:17 | Queue | Villager (Male) |
| 28:17 | Queue | Villager (Male) |
| 28:18 | Queue | Villager (Male) |
| 29:02 | Build | Farm |
Build order — [CL] KleciusPrimeAOE
First 150 of 240 actions detected
| 0:00 | Queue | Villager (Male) |
| 0:01 | Queue | Villager (Male) |
| 0:01 | Queue | Villager (Male) |
| 0:02 | Build | House |
| 0:05 | Build | House |
| 0:18 | Research | Loom |
| 0:18 | Research | Loom |
| 0:18 | Research | Loom |
| 0:18 | Research | Loom |
| 0:18 | Research | Loom |
| 0:18 | Queue | Villager (Male) |
| 0:19 | Queue | Villager (Male) |
| 0:19 | Queue | Villager (Male) |
| 0:19 | Queue | Villager (Male) |
| 0:19 | Queue | Villager (Male) |
| 0:19 | Queue | Villager (Male) |
| 2:40 | Build | House |
| 2:56 | Queue | Villager (Male) |
| 2:56 | Queue | Villager (Male) |
| 3:04 | Build | House |
| 3:27 | Queue | Villager (Male) |
| 3:27 | Queue | Villager (Male) |
| 3:27 | Queue | Villager (Male) |
| 3:52 | Build | Palisade Wall |
| 3:59 | Build | Palisade Wall |
| 4:06 | Queue | Villager (Male) |
| 4:06 | Queue | Villager (Male) |
| 4:06 | Queue | Villager (Male) |
| 4:17 | Build | Palisade Wall |
| 4:18 | Build | Palisade Wall |
| 4:24 | Queue | Villager (Male) |
| 4:24 | Queue | Villager (Male) |
| 4:47 | Queue | Villager (Male) |
| 4:47 | Queue | Villager (Male) |
| 4:47 | Queue | Villager (Male) |
| 5:08 | Build | House |
| 5:22 | Queue | Villager (Male) |
| 5:22 | Queue | Villager (Male) |
| 5:27 | Build | Lumber Camp |
| 5:32 | Queue | Villager (Male) |
| 5:32 | Queue | Villager (Male) |
| 5:53 | Queue | Villager (Male) |
| 5:53 | Queue | Villager (Male) |
| 5:53 | Queue | Villager (Male) |
| 6:11 | Build | Palisade Wall |
| 6:13 | Build | Palisade Wall |
| 6:16 | Build | Palisade Wall |
| 6:17 | Build | Palisade Wall |
| 6:25 | Queue | Villager (Male) |
| 6:25 | Queue | Villager (Male) |
| 6:25 | Queue | Villager (Male) |
| 7:02 | Build | Palisade Wall |
| 7:08 | Queue | Villager (Male) |
| 7:08 | Queue | Villager (Male) |
| 7:13 | Build | Palisade Wall |
| 7:13 | Build | Palisade Wall |
| 7:30 | Build | Palisade Wall |
| 7:45 | Queue | Villager (Male) |
| 7:46 | Queue | Villager (Male) |
| 7:46 | Queue | Villager (Male) |
| 7:46 | Queue | Villager (Male) |
| 8:00 | Build | House |
| 8:02 | Queue | Villager (Male) |
| 8:02 | Queue | Villager (Male) |
| 8:42 | Build | House |
| 8:45 | Queue | Villager (Male) |
| 9:00 | Build | Mill |
| 9:14 | Build | Palisade Wall |
| 9:38 | Research | Feudal Age |
| 10:09 | Queue | Villager (Male) |
| 10:09 | Queue | Villager (Male) |
| 10:09 | Queue | Villager (Male) |
| 10:13 | Build | House |
| 10:32 | Build | Mining Camp |
| 10:47 | Queue | Villager (Male) |
| 10:47 | Queue | Villager (Male) |
| 11:00 | Build | Palisade Wall |
| 11:29 | Build | Palisade Wall |
| 11:31 | Build | Palisade Gate |
| 11:36 | Build | Palisade Wall |
| 11:48 | Age | Feudal Age |
| 11:52 | Build | Watch Tower |
| 11:55 | Build | Stone Wall |
| 11:56 | Build | Stone Wall |
| 11:58 | Queue | Villager (Male) |
| 11:58 | Queue | Villager (Male) |
| 11:58 | Queue | Villager (Male) |
| 12:08 | Build | Watch Tower |
| 12:14 | Build | Stone Wall |
| 12:15 | Build | Stone Wall |
| 12:17 | Build | Stone Wall |
| 12:19 | Build | Palisade Wall |
| 12:24 | Queue | Villager (Male) |
| 12:24 | Queue | Villager (Male) |
| 12:24 | Queue | Villager (Male) |
| 12:39 | Build | Stone Wall |
| 12:40 | Build | Stone Wall |
| 13:04 | Build | House |
| 13:14 | Queue | Villager (Male) |
| 13:21 | Build | Gate |
| 13:23 | Build | House |
| 13:47 | Build | Stone Wall |
| 13:49 | Build | Stone Wall |
| 13:50 | Build | Stone Wall |
| 14:02 | Queue | Villager (Male) |
| 14:02 | Queue | Villager (Male) |
| 14:10 | Build | Watch Tower |
| 14:16 | Build | Stone Wall |
| 14:25 | Queue | Villager (Male) |
| 14:26 | Build | Blacksmith |
| 15:10 | Research | Fletching |
| 15:11 | Build | House |
| 15:38 | Queue | Villager (Male) |
| 15:38 | Queue | Villager (Male) |
| 15:39 | Queue | Villager (Male) |
| 15:44 | Build | Farm |
| 15:48 | Research | Horse Collar |
| 15:48 | Research | Horse Collar |
| 15:48 | Research | Horse Collar |
| 15:48 | Research | Horse Collar |
| 15:48 | Research | Horse Collar |
| 15:48 | Queue | Villager (Male) |
| 15:49 | Queue | Villager (Male) |
| 16:07 | Queue | Villager (Male) |
| 16:07 | Queue | Villager (Male) |
| 16:07 | Queue | Villager (Male) |
| 16:09 | Build | Farm |
| 16:12 | Build | Farm |
| 16:27 | Build | Stone Wall |
| 16:40 | Build | Watch Tower |
| 16:44 | Build | Stone Wall |
| 16:45 | Build | Stone Wall |
| 16:47 | Build | Stone Wall |
| 16:48 | Build | Stone Wall |
| 16:50 | Build | Stone Wall |
| 16:51 | Build | Stone Wall |
| 16:53 | Build | Stone Wall |
| 17:06 | Build | Stone Wall |
| 17:19 | Queue | Villager (Male) |
| 17:19 | Queue | Villager (Male) |
| 17:20 | Queue | Villager (Male) |
| 17:22 | Build | Farm |
| 17:56 | Build | Stone Wall |
| 18:03 | Queue | Villager (Male) |
| 18:04 | Queue | Villager (Male) |
| 18:06 | Build | Farm |
| 18:06 | Build | House |
| 18:14 | Build | Stone Wall |
| 18:26 | Build | Watch Tower |
| 18:34 | Queue | Villager (Male) |
Match timeline
| 3:52 | [CL] KleciusPrimeAOE · wall_segment Palisade Wall x1 |
| 3:59 | [CL] KleciusPrimeAOE · wall_segment Palisade Wall x1 |
| 4:17 | [CL] KleciusPrimeAOE · wall_segment Palisade Wall x1 |
| 4:18 | [CL] KleciusPrimeAOE · wall_segment Palisade Wall x1 |
| 6:11 | [CL] KleciusPrimeAOE · wall_segment Palisade Wall x1 |
| 6:13 | [CL] KleciusPrimeAOE · wall_segment Palisade Wall x1 |
| 6:16 | [CL] KleciusPrimeAOE · wall_segment Palisade Wall x1 |
| 6:17 | [CL] KleciusPrimeAOE · wall_segment Palisade Wall x2 |
| 7:02 | [CL] KleciusPrimeAOE · wall_segment Palisade Wall x2 |
| 7:13 | [CL] KleciusPrimeAOE · wall_segment Palisade Wall x1 |
| 7:13 | [CL] KleciusPrimeAOE · wall_segment Palisade Wall x1 |
| 7:30 | [CL] KleciusPrimeAOE · wall_segment Palisade Wall x1 |
| 9:14 | [CL] KleciusPrimeAOE · wall_segment Palisade Wall x1 |
| 10:52 | Edux_ · first_building Barracks |
| 11:00 | [CL] KleciusPrimeAOE · wall_segment Palisade Wall x2 |
| 11:29 | [CL] KleciusPrimeAOE · wall_segment Palisade Wall x3 |
| 11:36 | [CL] KleciusPrimeAOE · wall_segment Palisade Wall x1 |
| 11:41 | Edux_ · wall_segment Palisade Wall x1 |
| 11:48 | [CL] KleciusPrimeAOE · age_up feudal |
| 11:55 | [CL] KleciusPrimeAOE · wall_segment Stone Wall x1 |
| 11:56 | [CL] KleciusPrimeAOE · wall_segment Stone Wall x1 |
| 12:01 | Edux_ · wall_segment Palisade Wall x1 |
| 12:14 | [CL] KleciusPrimeAOE · wall_segment Stone Wall x1 |
| 12:15 | [CL] KleciusPrimeAOE · wall_segment Stone Wall x1 |
| 12:17 | [CL] KleciusPrimeAOE · wall_segment Stone Wall x1 |
| 12:19 | [CL] KleciusPrimeAOE · wall_segment Palisade Wall x1 |
| 12:29 | Edux_ · wall_segment Palisade Wall x1 |
| 12:37 | Edux_ · age_up feudal |
| 12:39 | [CL] KleciusPrimeAOE · wall_segment Stone Wall x1 |
| 12:40 | [CL] KleciusPrimeAOE · wall_segment Stone Wall x1 |
| 12:42 | Edux_ · first_building Archery Range |
| 13:47 | [CL] KleciusPrimeAOE · wall_segment Stone Wall x1 |
| 13:49 | [CL] KleciusPrimeAOE · wall_segment Stone Wall x1 |
| 13:50 | [CL] KleciusPrimeAOE · wall_segment Stone Wall x1 |
| 14:16 | [CL] KleciusPrimeAOE · wall_segment Stone Wall x1 |
| 16:27 | [CL] KleciusPrimeAOE · wall_segment Stone Wall x1 |
| 16:44 | [CL] KleciusPrimeAOE · wall_segment Stone Wall x1 |
| 16:45 | [CL] KleciusPrimeAOE · wall_segment Stone Wall x1 |
| 16:47 | [CL] KleciusPrimeAOE · wall_segment Stone Wall x1 |
| 16:48 | [CL] KleciusPrimeAOE · wall_segment Stone Wall x1 |
| 16:50 | [CL] KleciusPrimeAOE · wall_segment Stone Wall x1 |
| 16:51 | [CL] KleciusPrimeAOE · wall_segment Stone Wall x1 |
| 16:53 | [CL] KleciusPrimeAOE · wall_segment Stone Wall x1 |
| 17:06 | [CL] KleciusPrimeAOE · wall_segment Stone Wall x1 |
| 17:56 | [CL] KleciusPrimeAOE · wall_segment Stone Wall x1 |
| 18:14 | [CL] KleciusPrimeAOE · wall_segment Stone Wall x1 |
| 19:52 | [CL] KleciusPrimeAOE · wall_segment Stone Wall x1 |
| 21:25 | [CL] KleciusPrimeAOE · wall_segment Palisade Wall x2 |
| 22:35 | [CL] KleciusPrimeAOE · wall_segment Stone Wall x1 |
| 22:37 | [CL] KleciusPrimeAOE · wall_segment Stone Wall x1 |
| 22:37 | [CL] KleciusPrimeAOE · wall_segment Stone Wall x1 |
| 22:42 | [CL] KleciusPrimeAOE · wall_segment Stone Wall x1 |
| 22:49 | [CL] KleciusPrimeAOE · wall_segment Palisade Wall x1 |
| 22:57 | [CL] KleciusPrimeAOE · wall_segment Palisade Wall x1 |
| 23:00 | [CL] KleciusPrimeAOE · wall_segment Stone Wall x1 |
| 23:01 | [CL] KleciusPrimeAOE · wall_segment Stone Wall x1 |
| 23:02 | [CL] KleciusPrimeAOE · wall_segment Stone Wall x1 |
| 23:02 | [CL] KleciusPrimeAOE · wall_segment Stone Wall x1 |
| 23:43 | [CL] KleciusPrimeAOE · wall_segment Stone Wall x1 |
| 23:56 | [CL] KleciusPrimeAOE · wall_segment Stone Wall x1 |
| 23:56 | [CL] KleciusPrimeAOE · wall_segment Stone Wall x1 |
| 23:58 | [CL] KleciusPrimeAOE · wall_segment Stone Wall x1 |
| 23:58 | [CL] KleciusPrimeAOE · wall_segment Stone Wall x1 |
| 24:00 | [CL] KleciusPrimeAOE · wall_segment Stone Wall x1 |
| 24:06 | [CL] KleciusPrimeAOE · wall_segment Stone Wall x1 |
| 24:31 | [CL] KleciusPrimeAOE · first_building Barracks |
| 25:00 | [CL] KleciusPrimeAOE · wall_segment Palisade Wall x3 |
| 25:41 | [CL] KleciusPrimeAOE · wall_segment Stone Wall x1 |
| 26:00 | [CL] KleciusPrimeAOE · first_building Archery Range |
| 27:02 | [CL] KleciusPrimeAOE · wall_segment Palisade Wall x3 |
| 28:00 | Edux_ · first_market_buy 100 stone |
| 29:08 | [CL] KleciusPrimeAOE · wall_segment Stone Wall x1 |
| 29:10 | [CL] KleciusPrimeAOE · wall_segment Stone Wall x1 |
| 29:11 | [CL] KleciusPrimeAOE · wall_segment Stone Wall x1 |
| 29:21 | [CL] KleciusPrimeAOE · wall_segment Palisade Wall x3 |
| 29:31 | [CL] KleciusPrimeAOE · wall_segment Stone Wall x1 |
| 29:57 | Edux_ · resign |
[ AI ANALYSIS · 1 CREDIT ]
What really happened in this match?
Wolo.gg analyzes every decision: build order, eco, micro, common mistakes by bracket. Personalized analysis on WhatsApp or Discord in 30 seconds.
Civ guide
Maya
Perfil
Edux_